 Dungeon Crawl Stone Soup version 0.31.0-9-g3a7656b989 (webtiles) character file.

Game seed: 2254422917039254274

331 H0rd4k the Trooper (level 6, -4/51 HPs)
             Began as a Human Artificer on Jan 25, 2024.
             Slain by Menkaure (16 damage)
             ... on level 4 of the Dungeon on Jan 30, 2024.
             The game lasted 00:08:09 (3837 turns).

H0rd4k the Trooper (Human Artificer)                Turns: 3837, Time: 00:08:09

Health: -4/51      AC:  3    Str: 13    XL:     6   Next: 52%
Magic:  7/7        EV: 11    Int: 13    God:
Gold:   116        SH:  5    Dex: 13    Spells: 6/6 levels left

rFire   . . .        c - +0 mace
rCold   . . .        (no shield)
rNeg    . . .        b - +0 leather armour
rPois   .            (no helmet)
rElec   .            (no cloak)
rCorr   .            (no gloves)
SInv    .            (no boots)
Will    .....        h - amulet of reflection
Stlth   +            (no ring)
HPRegen 0.28/turn    (no ring)
MPRegen 0.10/turn

%: reflection
@: no status effects
A: explore regen
a: no special abilities


You were on level 4 of the Dungeon.
You visited 1 branch of the dungeon, and saw 4 of its levels.
You also visited: Sewer.

You collected 116 gold pieces.

Inventory:

Hand Weapons
 c - a +0 mace (weapon)
Missiles
 a - 3 poisoned darts
 e - a curare-tipped dart (quivered)
Armour
 b - a +0 leather armour (worn)
 k - a +0 pair of boots
Jewellery
 h - an amulet of reflection (around neck)
Talismans
 j - a beast talisman
Scrolls
 i - a scroll of fog {unknown}
 l - a scroll of amnesia {unknown}
 o - 2 scrolls of identify
 p - 2 scrolls of blinking {unknown}
 r - 2 scrolls of summoning
 s - a scroll of poison {unknown}
Potions
 f - 3 potions of curing {unknown}
 g - a potion of heal wounds
 m - a potion of mutation {unknown}
 n - a potion of haste {unknown}
 q - a potion of invisibility {unknown}
 t - a potion of enlightenment {unknown}
 u - a potion of brilliance {unknown}


   Skills:
 + Level 5.0 Fighting
 - Level 2.0 Armour
 - Level 1.0 Dodging
 - Level 1.0 Stealth
 - Level 3.4 Shields
 * Level 0.8 Spellcasting
 - Level 3.0 Evocations


You had 6 spell levels left.
You didn't know any spells.
Your spell library was empty.

Dungeon Overview and Level Annotations

Branches:
Dungeon (4/15)              Sewer (visited)
 Temple: D:4-7

Altars:
Cheibriados
Trog
Wu Jian
Xom
Yredelemnul

Shops:
D:1 *   D:3 ([(:=

Annotations:
D:2 exclusion: downstairs
D:4 Menkaure


Innate Abilities, Weirdness & Mutations

You regain HP and MP as you explore.


Message History

You kill the scorpion!
Your Fighting skill increases to level 5!
You feel sick.
e - a curare-tipped dart You see here a scorpion corpse.
You feel sick.
You are no longer poisoned.
o - 2 scrolls of identify (gained 1) Magic restored.
Found a bloodstained altar of Trog.
Menkaure, Prince of Dust comes into view.
Found 10 gold pieces.
Saving game... please wait.
Level annotation: Menkaure Welcome back, H0rd4k the Human Artificer.
Press ? for a list of commands and other information.
Okay, then.
Menkaure barely misses you.
You hit Menkaure.
Menkaure is lightly damaged.
Menkaure calls on the powers of darkness!
Your body is wracked with pain!
You hit Menkaure.
Menkaure is moderately damaged.
Menkaure hits you.
You hit Menkaure.
Menkaure is heavily damaged.
Menkaure hits you.
You hit Menkaure.
Menkaure is severely damaged.
Menkaure calls on the powers of darkness!
Your body is wracked with pain!
* * * LOW HITPOINT WARNING * * *
You hit Menkaure.
Menkaure is almost destroyed.
Menkaure barely misses you.
You barely miss Menkaure.
Menkaure is almost destroyed.
Menkaure barely misses you. Menkaure hits you!
You die...

#.. .. ### #$# # #.# #
#.# # ## #.# ## ##.##.#
##. ###...#.#########
#.. .........@M......
+.. ##...#.#########
#.. ## #..####### ##.
#........## ##
#.#...8...## # +#
#.#....._..# .#
########....##### #.#
##.....###.⌠.#...# ..##
##...♣...#....###.#####


You could see Menkaure.

Vanquished Creatures
  A kobold brigand (Sewer)
  A scorpion (D:4)
  4 adders
  A river rat (Sewer)
  4 dart slugs
  5 ribbon worms
  7 orcs (D:3)
  6 ball pythons
  5 endoplasms
  6 giant cockroaches
  2 goblins
  3 jackals (D:1)
  8 kobolds
  4 quokkas
  5 bats
  3 frilled lizards
  13 rats
78 creatures vanquished.

Vanquished Creatures (collateral kills)
  5 orcs (D:3)
  2 endoplasms (D:3)
  A hobgoblin (D:3)
  2 ball pythons (D:3)
  A kobold (D:4)
11 creatures vanquished.

Vanquished Creatures (others)
  A bombardier beetle (D:3)
  2 orc wizards (D:3)
  3 orcs (D:3)
6 creatures vanquished.

Grand Total: 95 creatures vanquished

Notes
Turn   | Place    | Note
-------+----------+-------------------------------------------
     0 | D:1      | H0rd4k the Human Artificer began the quest for the Orb.
     0 | D:1      | Reached XP level 1. HP: 15/15 MP: 1/1
    43 | D:1      | Found Jemocy's General Store.
   127 | D:1      | Reached skill level 2 in Fighting
   127 | D:1      | Reached XP level 2. HP: 22/22 MP: 2/2
   600 | D:1      | Reached XP level 3. HP: 28/28 MP: 3/3
   751 | D:1      | Found a faded altar of an unknown god.
   773 | D:1      | Reached skill level 3 in Fighting
  1033 | D:2      | You fall into a shaft and drop 2 floors!
  1039 | D:4      | Noticed a scorpion
  1180 | D:3      | Found Viehim's Weapon Emporium.
  1190 | D:3      | Found Akkint's Armour Boutique.
  1224 | D:3      | Found Ofixyr's Book Shoppe.
  1250 | D:3      | Noticed an ogre
  1322 | D:3      | Found Worag's Jewellery Emporium.
  1395 | D:3      | Reached skill level 1 in Shields
  1445 | D:3      | Reached XP level 4. HP: 31/35 MP: 4/4
  1488 | D:3      | Found a glowing drain.
  1492 | Sewer    | Entered a sewer
  1774 | Sewer    | Noticed a kobold brigand
  1779 | Sewer    | Killed a kobold brigand
  1780 | Sewer    | Reached skill level 4 in Fighting
  1780 | Sewer    | Reached XP level 5. HP: 9/43 MP: 5/5
  2811 | D:2      | HP: 2/43 [poisoned by an adder]
  3197 | D:3      | Reached XP level 6. HP: 14/49 MP: 6/6
  3369 | D:3      | Found Jeucw's Antique Weapon Boutique.
  3710 | D:4      | Found a shimmering altar of Xom.
  3725 | D:4      | Found a snail-covered altar of Cheibriados.
  3728 | D:4      | Found an ornate altar of the Wu Jian Council.
  3728 | D:4      | Found a basalt altar of Yredelemnul.
  3737 | D:4      | Reached skill level 5 in Fighting
  3819 | D:4      | Found a bloodstained altar of Trog.
  3829 | D:4      | Noticed Menkaure
  3837 | D:4      | Slain by Menkaure

Illustrated notes

Levels and vault maps discovered:
D:1:      onia_arrival_mini_spirals, layout_loops_ring, serial_shops, shop,
          ebering_ecumenical_altar_sacrificial
D:2:      layout_basic
D:3:      layout_rooms, serial_shops, shop, shop, shop, shop,
          nicolae_shop_waterfront, mainiacjoe_sewer_entry_somewhere_in_here_2
D:4:      layout_loops_corners, nicolae_overflow_hallway_of_the_gods,
          ebering_ghost_reflecting_pool, minmay_door_square, uniq_menkaure

Skill      XL: |  1  2  3  4  5  6 |
---------------+-------------------+-----
Fighting       | 2 3 4 5 |  5.0
Shields        | 1 2 3 |  3.4
Armour         | |  2.0
Dodging        | |  1.0
Stealth        | |  1.0
Spellcasting   | |  0.8
Evocations     | |  3.0

Action                     |  1- 3 |  4- 6 || total
---------------------------+-------+-------++-------
  Melee: Club              |   192 |   244 ||   436
         Punch             |     2 |     1 ||     3
         Mace              |       |    38 ||    38
  Throw: Dart              |       |     2 ||     2
  Evoke: Wand              |    14 |    21 ||    35
    Use: Potion            |       |     1 ||     1
         Scroll            |       |     1 ||     1
 Armour: Leather armour    |   163 |   162 ||   325
  Dodge: Dodged            |   154 |   173 ||   327
  Block: Other             |    50 |    66 ||   116
         Reflection        |     1 |     1 ||     2
